 Dungeon Crawl Stone Soup version 0.20.1-1-g8b1a95d (webtiles) character file.

1858 mopl the Quickloader (level 9, -3/68 HPs)
             Began as a Formicid Hunter on Nov 3, 2017.
             Slain by an orc warrior
             ... wielding a cursed +0 dire flail
              (16 damage)
             ... on level 6 of the Dungeon.
             The game lasted 00:15:02 (7739 turns).

mopl the Quickloader (Formicid Hunter)              Turns: 7739, Time: 00:15:04

Health: -3/68      AC:  9    Str: 21    XL:     9   Next: 35%
Magic:  9/9        EV: 10    Int: 12    God:
Gold:   354        SH:  7    Dex: 13    Spells: 8/8 levels left

rFire    . . .     SeeInvis +   m - -2 hunting sling (curse)
rCold    . . .     Gourm    .   q - +2 buckler
rNeg     . . .     Faith    .   C - +0 scale mail
rPois    .         Spirit   .   (helmet unavailable)
rElec    .         Reflect  .   (no cloak)
rCorr    .         Harm     .   (no gloves)
MR       .....                  x - +1 pair of boots
Stlth    ..........             J - amulet of inaccuracy (curse)
Regen    0.3/turn               s - +4 ring of strength
MPRegen  0.2/turn               (no ring)

@: no status effects
A: permanent stasis, dig shafts and tunnels, four strong arms, antennae 3
a: Dig, Shaft Self


You were on level 6 of the Dungeon.
You were not hungry.

You visited 2 branches of the dungeon, and saw 7 of its levels.

You collected 354 gold pieces.

Inventory:

Hand Weapons
 a - a +1 hand crossbow
 b - a +0 hunting sling
 m - a cursed -2 hunting sling (weapon)
 B - a +0 blowgun
 I - a +0 shortbow
Missiles
 d - 46 bolts
 e - 288 stones
 k - 113 arrows
 n - 3 tomahawks
 t - 7 sling bullets (quivered)
 z - 4 javelins
 A - 34 poisoned needles
Armour
 q - a +2 buckler (worn)
 x - a +1 pair of boots (worn)
 C - a +0 scale mail (worn)
Jewellery
 s - a +4 ring of strength (left hand)
 v - an uncursed ring of ice
 J - a cursed amulet of inaccuracy (around neck)
Wands
 y - a wand of digging (6/24)
 D - a wand of iceblast (7/15)
 F - a wand of iceblast (6/15)
Scrolls
 g - a scroll of identify
 j - a scroll of magic mapping
 p - a scroll of amnesia
Potions
 c - a potion of might
 i - 2 potions of heal wounds
 l - a potion of agility {unknown}
 o - a potion of curing
 H - a potion of lignification {unknown}
Comestibles
 f - 3 bread rations
 h - 3 chunks of flesh
 r - 6 meat rations
 w - 2 royal jellies


   Skills:
 + Level 5.2 Fighting
 * Level 9.4 Crossbows
 + Level 4.2 Armour
 - Level 1.7 Dodging
 - Level 1.2 Stealth
 - Level 5.7 Shields


You had 8 spell levels left.
You didn't know any spells.

Dungeon Overview and Level Annotations

Branches:
Dungeon (6/15)             Temple (1/1) D:4

Altars:
Ashenzari
Cheibriados
Dithmenos
Elyvilon
Fedhas
Gozag
Hepliaklqana
Kikubaaqudgha
Makhleb
Nemelex Xobeh
Qazlal
Ru
Sif Muna
Trog
Uskayaw
Vehumet
Xom
Yredelemnul
Zin
The Shining One


Innate Abilities, Weirdness & Mutations

You cannot be hasted, slowed, berserked, paralysed or teleported.
You can dig through walls and to a lower floor.
Your four strong arms can wield two-handed weapons with a shield.
You have a pair of large antennae on your head. (SInv)


Message History

The sling bullet barely misses the orc warrior.
The sling bullet completely misses the orc.
The orc warrior barely misses you.
Unknown command.
Firing (i - inventory. (,) - cycle):
t - 9 sling bullets (quivered)
Press: ? - help, Shift-Dir - straight line, f/p - orc warrior
Aim: an orc warrior, wielding a dire flail and wearing a plate armour (moderately wounded)
You shoot a sling bullet.
The sling bullet misses the orc warrior.
The sling bullet closely misses the orc.
The orc warrior barely misses you.
Unknown command.
Firing (i - inventory. (,) - cycle):
t - 8 sling bullets (quivered)
Press: ? - help, Shift-Dir - straight line, f/p - orc warrior
Aim: an orc warrior, wielding a dire flail and wearing a plate armour (moderately wounded)
You shoot a sling bullet.
The sling bullet hits the orc warrior but does no damage.
The orc warrior is moderately wounded.
The orc warrior hits you with a dire flail!
You die...

#....#... ##
#....#... ...
##........
...####.......
#.......#..#
..........#
... #......#
.... ##..#..##
#... #@###..#
..# #o# ##.##
#.# #.o#
#..###.# #.##
##..#..# #(
##...# # (.
#...## . ...
#..##..#####.
(.. ....#
###..##.. ###.
....# ##.....


You could see an orc warrior and an orc.

Vanquished Creatures
  Grinder (D:3)
  The ghost of Folque the Conjurer, an amateur TeCj of Sif Muna (D:4)
  Sigmund (D:3)
  A phantom (D:4)
  The ghost of bmj180 the Chopper, an amateur HOFi (D:3)
  An ogre (D:4)
  A centaur (D:5)
  A big kobold (D:3)
  A crimson imp (D:5)
  2 hounds
  6 orc wizards
  3 orc priests
  A bullfrog skeleton (D:5)
  An iguana (D:5)
  Natasha (D:4)
  5 worker ants
  A worker ant zombie (D:6)
  8 gnolls (D:3)
  6 adders
  2 shadow imps (D:5)
  An ooze (D:3)
  An adder skeleton (D:4)
  7 worms
  2 dart slugs
  9 leopard geckos
  18 orcs
  6 giant cockroaches
  32 goblins
  32 hobgoblins
  10 jackals
  2 quokkas
  A ball python (D:3)
  8 bats
  7 frilled lizards
  A giant cockroach zombie (D:5)
  A jackal skeleton (D:6)
  16 kobolds
  9 rats
208 creatures vanquished.

Notes
Turn   | Place    | Note
-------+----------+-------------------------------------------
     0 | D:1      | mopl the Formicid Hunter began the quest for the Orb.
     0 | D:1      | Reached XP level 1. HP: 16/16 MP: 1/1
   216 | D:1      | Reached XP level 2. HP: 22/22 MP: 2/2
  1083 | D:2      | Reached skill level 1 in Shields
  1083 | D:2      | Reached XP level 3. HP: 27/27 MP: 3/3
  1341 | D:2      | Reached skill level 5 in Crossbows
  1471 | D:2      | Reached XP level 4. HP: 33/33 MP: 4/4
  1686 | D:2      | Reached skill level 2 in Shields
  1858 | D:3      | Reached XP level 5. HP: 29/38 MP: 5/5
  2173 | D:3      | Reached skill level 3 in Shields
  3199 | D:3      | Noticed bmj180's ghost (amateur HOFi)
  3286 | D:3      | Killed bmj180's ghost
  3286 | D:3      | Reached skill level 6 in Crossbows
  3286 | D:3      | Reached skill level 4 in Shields
  3286 | D:3      | Reached XP level 6. HP: 8/44 MP: 6/6
  3685 | D:3      | Reached XP level 7. HP: 41/50 MP: 7/7
  3842 | D:3      | Noticed Sigmund
  3888 | D:3      | Reached skill level 5 in Shields
  3895 | D:3      | Killed Sigmund
  3895 | D:3      | Reached skill level 7 in Crossbows
  4127 | D:3      | Noticed Grinder
  4143 | D:3      | Killed Grinder
  4143 | D:3      | Reached skill level 1 in Armour
  4143 | D:3      | Reached XP level 8. HP: 41/57 MP: 8/8
  4438 | D:3      | Reached skill level 3 in Fighting
  4438 | D:3      | Reached skill level 2 in Armour
  5290 | D:3      | Reached skill level 8 in Crossbows
  5582 | D:4      | Found an ancient bone altar of Kikubaaqudgha.
  5583 | D:4      | Found a white marble altar of Elyvilon.
  5601 | D:4      | Found a shattered altar of Ashenzari.
  5601 | D:4      | Found a hide-covered altar of Uskayaw.
  5601 | D:4      | Found a bloodstained altar of Trog.
  5601 | D:4      | Found a hazy altar of Hepliaklqana.
  5602 | D:4      | Found a sparkling altar of Nemelex Xobeh.
  5602 | D:4      | Found a deep blue altar of Sif Muna.
  5939 | D:4      | Reached skill level 4 in Fighting
  6245 | D:4      | Noticed Folque's ghost (amateur TeCj)
  6255 | D:4      | Killed Folque's ghost
  6255 | D:4      | Reached skill level 3 in Armour
  6255 | D:4      | Reached XP level 9. HP: 61/66 MP: 9/9
  6263 | D:4      | Found a staircase to the Ecumenical Temple.
  6272 | Temple   | Entered the Ecumenical Temple
  6478 | D:4      | Noticed Natasha
  6482 | D:4      | Killed Natasha
  6522 | D:4      | Reached skill level 9 in Crossbows
  6785 | D:5      | Entered Level 5 of the Dungeon
  6899 | D:5      | Reached skill level 5 in Fighting
  6974 | D:5      | Reached skill level 4 in Armour
  7739 | D:6      | Slain by an orc warrior

Skill      XL: |  1  2  3  4  5  6  7  8  9 |
---------------+----------------------------+-----
Shields        | 1 2 4 5 |  5.7
Crossbows      | 5 6 7 8 9 |  9.4
Armour         | 1 3 4 |  4.2
Fighting       | 4 5 |  5.2
Dodging        | |  1.7
Stealth        | |  1.2

Action                   |  1- 3 |  4- 6 |  7- 9 || total
-------------------------+-------+-------+-------++-------
 Fire: Hand crossbow     |    70 |    92 |    65 ||   227
       Hunting sling     |       |   163 |   515 ||   678
       Blowgun           |       |       |     5 ||     5
 Abil: Dig               |     2 |       |     1 ||     3
  Use: Scroll            |       |       |     7 ||     7
  Eat: Chunk             |     2 |     6 |    13 ||    21
Armor: Leather armour    |     4 |    16 |       ||    20
       Ring mail         |       |     2 |    61 ||    63
       Scale mail        |       |       |    57 ||    57
Dodge: Dodged            |    14 |    65 |   148 ||   227
Block: Buckler           |     3 |    39 |   121 ||   163
